 Dungeon Crawl Stone Soup version 0.27-a0-1185-ga233589e6f (webtiles) character file.

Game seed: 10317070944886719480

1584 Bapho the Stinger (level 8, -4/69 (72) HPs)
             Began as a Naga Venom Mage on May 19, 2021.
             Was an Initiate of Cheibriados.
             Slain by an orc warrior
             ... wielding a +0 scimitar
              (14 damage)
             ... on level 9 of the Dungeon.
             The game lasted 00:18:34 (8110 turns).

Bapho the Stinger (Naga Venom Mage)                 Turns: 8110, Time: 00:18:35

HP:   -4/69 (72)    AC:  4    Str: 11    XL:     8   Next: 92%
MP:   4/16          EV: 10    Int: 20    God:    Cheibriados [......]
Gold: 272           SH:  0    Dex: 12    Spells: 4/17 levels left

rFire    + . .     SeeInvis +   a - +1 whip (elec)
rCold    . . .     Faith    .   (no shield)
rNeg     . . .     Spirit   .   t - +0 robe
rPois    +         Reflect  .   n - +0 helmet
rElec    .         Harm     .   (no cloak)
rCorr    .         Rampage  .   (no gloves)
Will     +....                  (no barding)
Stlth    ++........             (no amulet)
HPRegen  0.21/turn              f - ring of protection from fire
MPRegen  0.15/turn              (no ring)

@: lightly drained, very slow
A: AC +2, large, see invisible, deformed body, poison resistance, slowness 2,
spit poison 1, naga tail 1
a: Spit Poison, Renounce Religion, Bend Time


You were on level 9 of the Dungeon.
You worshipped Cheibriados.
Cheibriados was noncommittal.
You visited 2 branches of the dungeon, and saw 9 of its levels.
You also visited: Sewer.

You collected 272 gold pieces.

Inventory:

Hand Weapons
 a - a +1 whip of electrocution (weapon)
 b - a +1 falchion of holy wrath
 g - a +2 dagger of draining
 k - a +0 trident
Missiles
 o - 3 boomerangs of dispersal
Armour
 n - a +0 helmet (worn)
 t - a +0 robe (worn)
Jewellery
 f - a ring of protection from fire (left hand)
 l - a ring of ice
 p - a ring of ice
 w - a ring of ice
Wands
 c - a wand of iceblast (15)
 u - a wand of acid (7)
Scrolls
 d - 2 scrolls of noise {unknown}
 h - a scroll of fear {unknown}
 r - a scroll of magic mapping
 s - a scroll of blinking
 v - a scroll of enchant armour {unknown}
Potions
 e - 2 potions of attraction
 i - a potion of ambrosia
 j - a potion of heal wounds
 m - 3 potions of curing
 q - a potion of haste


   Skills:
 + Level 4.1 Fighting
 - Level 1.5 Dodging
 - Level 3.0 Stealth
 + Level 5.4 Spellcasting
 - Level 1.4 Transmutations
 - Level 4.5 Air Magic
 - Level 7.6 Poison Magic
 + Level 4.0 Evocations


You had 4 spell levels left.
You knew the following spells:

 Your Spells              Type           Power      Damage    Failure   Level
a - Sting                 Tmut/Pois      92%        1d7       1%          1
b - Poisonous Vapours     Pois/Air       58%        N/A       1%          2
c - Olgreb's Toxic Radia  Pois           35%        N/A       4%          4
d - Ignite Poison         Fire/Tmut/Pois 17%        N/A       10%         3
e - Mephitic Cloud        Conj/Pois/Air  21%        N/A       6%          3

Your spell library contained the following spells:

 Spells                   Type           Power      Damage    Failure   Level


Dungeon Overview and Level Annotations

Branches:
Dungeon (7/15)             Temple (1/1) D:5           Sewer (visited)

Altars:
Ashenzari
Cheibriados
Dithmenos
Elyvilon
Fedhas
Hepliaklqana
Kikubaaqudgha
Makhleb
Nemelex Xobeh
Okawaru
Qazlal
Sif Muna
Trog
Uskayaw
Vehumet
Wu Jian
Xom
Yredelemnul
Zin
The Shining One

Shops:
D:4 *

Annotations:
D:5 2 transporters


Innate Abilities, Weirdness & Mutations

Your serpentine skin is tough. (AC +2)
You have supernaturally acute eyesight. (SInv)
Armour fits poorly on your strangely shaped body.
Your system is resistant to poisons. (rPois)
You cover ground very slowly.
You can spit poison.
You have a snake-like lower body.


Message History

You fall into a shaft and drop 2 floors!
The shaft crumbles and collapses.
Found 23 arrows.
A two-headed ogre comes into view. It is wielding two +0 giant clubs.
Poisonous vapours surround the two-headed ogre!
The two-headed ogre shouts in stereo!
You hear a shout!
The two-headed ogre is engulfed in poison gas.
The two-headed ogre is poisoned.
You hear a shout!
You hear a bellow!
Poisonous vapours surround the two-headed ogre!
You hear a shout! x2; You hear a bellow!
Poisonous vapours surround the two-headed ogre!
The two-headed ogre is engulfed in poison gas.
The two-headed ogre looks even sicker.
Casting: Poisonous Vapours (safe; 1% risk of failure)
Confirm with . or Enter, or press ? or * to list all spells.
You ignite the poison in your surroundings!
The two-headed ogre seems to burn from within!!
The two-headed ogre is severely wounded.
An orc comes into view. It is wielding a +0 flail.
The orc moves out of view.
An orc warrior comes into view. It is wielding a +0 scimitar.
Casting: Ignite Poison (dangerous; 10% risk of failure)
Confirm with . or Enter, or press ? or * to list all spells.
You begin to radiate toxic energy.
The two-headed ogre is poisoned.
The orc warrior is poisoned.
The two-headed ogre looks even sicker.
You barely miss the two-headed ogre.
The two-headed ogre is severely wounded.
The two-headed ogre looks even sicker.
The orc warrior looks even sicker.
Your toxic aura wanes.
The two-headed ogre hits you with a +0 giant club! x2
An orc wizard comes into view. It is wielding a +0 dagger.
You hit the two-headed ogre but do no damage.
Lightning courses through the two-headed ogre!
The two-headed ogre is almost dead.
The two-headed ogre hits you with a +0 giant club!!
* * * LOW HITPOINT WARNING * * *
The two-headed ogre barely misses you.
The orc warrior hits you with a +0 scimitar!
You die...

## ## .o.
#. ..##.
(.. ##o##
#.O@#
#.......#
##.#....#
##....
##.## ..
.. .##


You could see a two-headed ogre (very poisoned), an orc warrior (very poisoned)
and an orc wizard.

Vanquished Creatures
  Sigmund (D:2)
  Eustachio (D:5)
  A water moccasin (Sewer)
  A black bear (D:4)
  An orc warrior (D:7)
  A hornet zombie (D:6)
  A necrophage (D:5)
  A centaur (D:6)
  2 phantoms
  A bullfrog (D:7)
  3 wights (D:7)
  A centaur zombie (D:6)
  A bullfrog zombie (D:5)
  A hound (D:7)
  2 iguanas
  2 orc wizards (D:7)
  Natasha (thrice) (D:2)
  6 adders
  A worm (D:2)
  A dart slug (D:1)
  5 orcs
  6 endoplasms
  2 giant cockroaches (D:3)
  5 goblins
  6 hobgoblins
  12 jackals
  4 quokkas
  5 ball pythons
  7 bats
  3 frilled lizards
  7 kobolds
  4 rats
98 creatures vanquished.

Vanquished Creatures (others)
  2 plants (D:5)
2 creatures vanquished.

Grand Total: 100 creatures vanquished

Notes
Turn   | Place    | Note
-------+----------+-------------------------------------------
     0 | D:1      | Bapho the Naga Venom Mage began the quest for the Orb.
     0 | D:1      | Reached XP level 1. HP: 15/15 MP: 3/3
    12 | D:1      | Found a faded altar of an unknown god.
   144 | D:1      | Reached XP level 2. HP: 16/22 MP: 0/5
   300 | D:1      | Learned a level 2 spell: Poisonous Vapours
   742 | D:1      | Reached XP level 3. HP: 27/28 MP: 3/6
  1036 | D:2      | Reached skill level 1 in Air Magic
  1384 | D:2      | Noticed Natasha
  1390 | D:2      | Killed Natasha
  1391 | D:2      | Reached skill level 5 in Poison Magic
  1391 | D:2      | Reached XP level 4. HP: 21/36 MP: 2/7
  1426 | D:2      | Noticed Natasha
  1433 | D:2      | Killed Natasha
  1703 | D:2      | Noticed Natasha
  1711 | D:2      | Killed Natasha
  1712 | D:2      | Reached XP level 5. HP: 37/42 MP: 4/9
  1719 | D:2      | Learned a level 4 spell: Olgreb's Toxic Radiance
  1764 | D:2      | Noticed Sigmund
  1787 | D:2      | Killed Sigmund
  1788 | D:2      | Reached skill level 6 in Poison Magic
  1788 | D:2      | Reached XP level 6. HP: 13/49 MP: 4/10
  2305 | D:3      | Learned a level 3 spell: Ignite Poison
  3869 | D:4      | Noticed a black bear
  4032 | D:4      | Killed a black bear
  4033 | D:4      | Reached skill level 7 in Poison Magic
  4033 | D:4      | Reached XP level 7. HP: 55/55 MP: 0/12
  4265 | D:4      | Found Mef Gueq's General Store.
  4569 | D:4      | Learned a level 3 spell: Mephitic Cloud
  4597 | D:5      | Entered Level 5 of the Dungeon
  4778 | D:5      | Found a staircase to the Ecumenical Temple.
  4794 | Temple   | Entered the Ecumenical Temple
  4884 | Temple   | Became a worshipper of Cheibriados the Contemplative
  4910 | D:5      | Found a glowing drain.
  4922 | Sewer    | Entered a sewer
  5417 | D:5      | Found a transporter.
  5443 | D:5      | Found a transporter.
  5542 | D:5      | Identified the +1 robe of Zacume {*Corrode rElec rF++
                  | Slay+3}
  5585 | D:5      | Noticed Eustachio
  5591 | D:5      | Killed Eustachio
  5592 | D:5      | Reached skill level 1 in Fighting
  5592 | D:5      | Reached skill level 1 in Evocations
  5883 | D:5      | Reached XP level 8. HP: 52/67 MP: 14/14
  7031 | D:6      | Found an ornate altar of the Wu Jian Council.
  7031 | D:6      | Found a glowing silver altar of Zin.
  7534 | D:7      | Reached skill level 5 in Spellcasting
  8103 | D:7      | You fall into a shaft and drop 2 floors!
  8104 | D:9      | Noticed a two-headed ogre
  8110 | D:9      | Slain by an orc warrior

Illustrated notes

Levels and vault maps discovered:
D:1:      tarquinn_simple_flora_water_d, layout_rooms,
          ebering_ecumenical_altar_mist
D:2:      layout_basic, uniq_natasha, uniq_sigmund
D:3:      layout_basic, amethyst_killhole
D:4:      layout_loops_ring, serial_shops, shop
D:5:      gammafunk_wand_slinger, layout_loops_ring,
          minmay_temple_entry_overgrown, portal_sewer_entry_d, uniq_eustachio
D:6:      layout_loops_cross, gammafunk_temple_overflow_elements
D:7:      layout_rooms, nicolae_lava_and_water
D:9:      layout_loops_ring, grunt_gozag_breadcrumbs,
          minmay_fractal_squares_gapless_5, uniq_gastronok
Temple:   regret_index_temple_mists

Skill      XL: |  1  2  3  4  5  6  7  8 |
---------------+-------------------------+-----
Air Magic      | 1 2 3 4 |  4.5
Poison Magic   | 5 6 7 |  7.6
Spellcasting   | 3 4 5 |  5.4
Fighting       | 1 4 |  4.1
Evocations     | 2 4 |  4.0
Dodging        | |  1.5
Stealth        | |  3.0
Transmutations | |  1.4

Action                   |  1- 3 |  4- 6 |  7- 9 || total
-------------------------+-------+-------+-------++-------
Melee: Dagger            |    10 |    25 |    20 ||    55
       Unarmed           |     1 |       |       ||     1
       Falchion          |       |       |    46 ||    46
       Whip              |       |       |    15 ||    15
 Cast: Sting             |    17 |     7 |     4 ||    28
       Poisonous Vapours |    18 |    56 |    26 ||   100
       Olgreb's Toxic Ra |       |     2 |     6 ||     8
       Ignite Poison     |       |     1 |     5 ||     6
Invok: Bend Time         |       |       |     1 ||     1
 Abil: Spit Poison       |    18 |     4 |     2 ||    24
  Use: Potion            |       |     3 |     3 ||     6
       Scroll            |       |     7 |     1 ||     8
Armor: Robe              |     6 |    15 |    19 ||    40
Dodge: Dodged            |    13 |    30 |    57 ||   100
       Rpst.: Falchion   |       |       |    10 ||    10

Table legend: (Time is in decaauts)
 A = Elapsed time spent in this place.
 B = Non-inter-level travel time spent in this place.
 C = Inter-level travel time spent in this place.
 D = Time resting spent in this place.
 E = Time spent auto-exploring this place.
 F = Levels seen in this place.
 G = Mean time per level.
                   A        B        C        D        E       F      G
               +--------+--------+--------+--------+--------+-----+--------+
         Total |  10434 |  10086 |    348 |   1053 |   7479 |  10 | 1043.4 |
       Dungeon |   9879 |   9558 |    321 |    975 |   7295 |   8 | 1234.9 |
        Temple |    204 |    178 |     26 |      0 |     10 |   1 |  204.0 |
         Sewer |    350 |    350 |      0 |     78 |    173 |   1 |  350.0 |
               +--------+--------+--------+--------+--------+-----+--------+

Top non-repeatable levels by time:
     D:6: 2063 daAuts
     D:5: 1873 daAuts
     D:3: 1701 daAuts
     D:2: 1396 daAuts
     D:4: 1249 daAuts
     D:1: 1148 daAuts
     D:7: 439 daAuts
   Sewer: 350 daAuts
  Temple: 204 daAuts
     D:9: 7 daAuts
